 Dungeon Crawl Stone Soup version 0.24-a0-736-g4e6fe308c7 (webtiles) character file.

Game seed: 4276598941629996455, levelgen mode: deterministic

60 Newrome1105 the Skirmisher (level 4, 0/40 HPs)
             Began as a Hill Orc Fighter on Sept 29, 2019.
             Slain by an ogre
             ... wielding a +0 giant spiked club
              (15 damage)
             ... on level 2 of the Dungeon on Oct 2, 2019.
             The game lasted 00:05:17 (1855 turns).

Newrome1105 the Skirmisher (Hill Orc Fighter)       Turns: 1855, Time: 00:05:18

Health: 0/40       AC:  6    Str: 19    XL:     4   Next: 6%
Magic:  4/4        EV:  7    Int:  8    God:
Gold:   36         SH:  9    Dex: 10    Spells: 3/3 levels left

rFire    . . .     SeeInvis .   a - +0 war axe
rCold    . . .     Gourm    .   c - +0 shield
rNeg     . . .     Faith    .   b - +0 scale mail
rPois    .         Spirit   .   (no helmet)
rElec    .         Reflect  .   (no cloak)
rCorr    .         Harm     .   (no gloves)
MR       .....                  (no boots)
Stlth    ..........             e - amulet of the acrobat
HPRegen  0.13/turn              (no ring)
MPRegen  0.09/turn              (no ring)

@: no status effects
A: no striking features
a: no special abilities


You were on level 2 of the Dungeon.
You were not hungry.

You visited 1 branch of the dungeon, and saw 3 of its levels.

You collected 36 gold pieces.

Inventory:

Hand Weapons
 a - a +0 war axe (weapon)
Armour
 b - a +0 scale mail (worn)
 c - a +0 shield (worn)
Jewellery
 e - an amulet of the acrobat (around neck)
Scrolls
 g - 2 scrolls of random uselessness {unknown}
 k - a scroll of magic mapping {unknown}
 m - a scroll of enchant armour {unknown}
 n - a scroll of fear {unknown}
 o - a scroll of identify {unknown}
 q - a scroll of fog {unknown}
Potions
 d - 3 potions of might
 h - a potion of mutation {unknown}
 i - a potion of heal wounds {unknown}
 j - a potion of magic {unknown}
 l - a potion of curing {unknown}
Comestibles
 f - 6 rations


   Skills:
 + Level 4.0 Fighting
 + Level 3.3 Axes
 + Level 3.6 Armour
 + Level 1.1 Dodging
 + Level 4.0 Shields


You had 3 spell levels left.
You didn't know any spells.
Your spell library was empty.

Dungeon Overview and Level Annotations

Branches:
Dungeon (3/15)

Altars:


Message History

Robin throws the goblin at you! The goblin hits you but does no damage.
Robin hits you but does no damage.
You hit Robin.
You kill Robin!
Your Dodging skill increases to level 1!
You have reached level 4!
You hit the goblin. The goblin hits you but does no damage.
You block the ogre's attack.
You slash the ogre!
The ogre is moderately wounded.
You barely miss the goblin.
The goblin no longer looks unusually strong.
The goblin hits you.
The ogre hits you with a +0 giant spiked club!
The goblin hits you.
You slash the ogre!
The ogre is severely wounded.
You completely miss the goblin. You block the goblin's attack.
The ogre hits you with a +0 giant spiked club!
You die...

#..........#.#
#....#.#.#...#
#...........##
#....#.#.#..#
#......†....#
#....#.#.#..#
#...........#
...........g##
...####...)@#
### #####O#
..# .#.# ....#
.. ### ... ###


You could see an ogre and a goblin.

Vanquished Creatures
  Robin (D:2)
  A worm (D:2)
  A leopard gecko (D:1)
  A ball python (D:1)
  A giant cockroach (D:1)
  4 hobgoblins
  4 jackals (D:2)
  A quokka (D:2)
  8 bats
  3 frilled lizards (D:2)
  12 goblins
  4 kobolds
  4 rats
45 creatures vanquished.

Notes
Turn   | Place    | Note
-------+----------+-------------------------------------------
     0 | D:1      | Newrome1105 the Hill Orc Fighter began the quest for the
                  | Orb.
     0 | D:1      | Reached XP level 1. HP: 19/19 MP: 1/1
   284 | D:1      | Reached XP level 2. HP: 24/27 MP: 2/2
  1366 | D:2      | Upgraded the game from 0.24-a0-699-g5a66b1aa3b to
                  | 0.24-a0-736-g4e6fe308c7
  1382 | D:2      | Reached XP level 3. HP: 32/33 MP: 3/3
  1838 | D:2      | Noticed Robin
  1842 | D:2      | Noticed an ogre
  1853 | D:2      | Killed Robin
  1853 | D:2      | Reached skill level 1 in Dodging
  1853 | D:2      | Reached XP level 4. HP: 30/40 MP: 4/4
  1855 | D:2      | Slain by an ogre

Levels and vault maps discovered:
D:1:      sevenhm_arrival_forest_fort_small_5, layout_basic
D:2:      layout_rooms, lemuel_coloured_pillars_altar, marbit_many_paths,
          serial_co_window_serial, co_window_corner_a, co_window_corner_a,
          co_window_corner_a, co_window_corner_a, co_window_paths_a,
          co_window_of_opportunity_c, co_window_of_opportunity_c,
          co_window_unsneaky_path_e, co_window_broadway_a, co_window_corner_cb,
          co_window_sun, glass_columns_b, glass_columns_a, glass_columns_c,
          glass_columns_b, glass_columns_b, first_ration,
          minmay_misc_feat_roman, uniq_robin
D:3:      layout_loops_ring, nicolae_ru_awakened_eye, minitemple, uniq_ijyb

Skill      XL: |  1  2  3 |
---------------+----------+-----
Axes           | 3 |  3.3
Fighting       | 4 |  4.0
Shields        | 4 |  4.0
Dodging        | 1 |  1.1
Armour         | |  3.6

Action                   |  1- 3 |  4- 6 || total
-------------------------+-------+-------++-------
Melee: War axe           |   120 |     2 ||   122
  Eat: Chunk             |     3 |       ||     3
Armor: Scale mail        |    68 |     1 ||    69
Dodge: Dodged            |    45 |       ||    45
Block: Shield            |    74 |     2 ||    76

Table legend:
 A = Non-vault XP
 B = Vault XP
 C = Vault XP percentage of total XP
 D = Non-vault monster count
 E = Vault monster count
 F = Vault count percentage of total count
                 A         B        C        D         E       F
            +---------+---------+-------+---------+---------+-------
      Total |      55 |      32 |  36.8 |      35 |      10 |  22.2
            +---------+---------+-------+---------+---------+-------
        D:1 |      18 |       0 |   0.0 |      11 |       0 |   0.0
        D:2 |      37 |      32 |  46.4 |      24 |      10 |  29.4
            +---------+---------+-------+---------+---------+-------
